 Dungeon Crawl Stone Soup version 0.16.0-17-g811c1d7 (webtiles) character file.

3760 HungrySpirit the Slicer (level 9, -71/78 HPs)
             Began as a White Draconian Artificer on Mar 22, 2015.
             Was a Follower of Nemelex Xobeh.
             Engulfed by a cloud of thunder (105 damage)
             ... on level 8 of the Dungeon.
             The game lasted 00:34:02 (7785 turns).

HungrySpirit the Slicer (White Draconian Artificer) Turns: 7785, Time: 00:34:03

Health: -71/78     AC: 12    Str: 16    XL:     9   Next: 94%
Magic:  18/18      EV: 15    Int: 13    God:    Nemelex Xobeh [*.....]
Gold:   444        SH:  0    Dex: 12    Spells: 0 memorised, 8 levels left

rFire  . . .     SeeInvis .     j - +0 short sword
rCold  + . .     Clarity  .     (armour unavailable)
rNeg   . . .     SustAb   .     (no shield)
rPois  .         Gourm    .     (helmet restricted)
rElec  .         Spirit   .     n - +0 cloak
rCorr  .         Warding  .     w - +0 pair of gloves
rMut   .         Stasis   .     t - +2 pair of boots
MR     .....                    (no amulet)
Stlth  +.........               (no ring)
                                e - ring of flight

@: short of breath, not resistant to hostile enchantments, very unstealthy
A: breathe frost, unfitting armour, cold resistance 1, cold-blooded, AC +7
a: Breathe Frost, Renounce Religion, Evoke Flight


You were on level 8 of the Dungeon.
You worshipped Nemelex Xobeh.
Nemelex Xobeh was aware of your devotion.
You were not hungry.

You visited 2 branches of the dungeon, and saw 9 of its levels.
You also visited: Ossuary.

You collected 444 gold pieces.

Inventory:

Hand weapons
 j - a +0 short sword (weapon)
 x - a +0 falchion
 y - a +0 dagger of venom
Missiles
 B - a throwing net (quivered)
Armour
 n - a +0 cloak (worn)
 t - a +2 pair of boots (worn)
 w - a +0 pair of gloves (worn)
Jewellery
 e - a ring of flight (left hand)
Magical devices
 b - a wand of flame (0)
 c - a wand of enslavement (9)
 d - a wand of random effects (0)
 v - a wand of polymorph (5)
 D - a wand of digging (14)
 E - a wand of digging (13)
 F - a wand of magic darts (24)
 G - a wand of lightning (0)
Scrolls
 g - a scroll of amnesia
 i - a scroll of teleportation
 k - a scroll of remove curse
 m - 3 scrolls of identify
 o - a scroll of enchant weapon {unknown}
 u - 2 scrolls of blinking {unknown}
 A - 2 scrolls of magic mapping {unknown}
 C - a scroll of enchant armour {unknown}
Potions
 l - a potion of agility
 p - 3 potions of curing
 q - a potion of restore abilities
 s - a potion of poison
 z - a potion of cure mutation
Comestibles
 a - 3 meat rations
 f - 2 bread rations


   Skills:
 + Level 6.9 Fighting
 * Level 9.0 Short Blades
 + Level 6.7 Dodging
 - Level 0.8 Stealth
 + Level 7.2 Evocations


You had 8 spell levels left.
You didn't know any spells.

Dungeon Overview and Level Annotations

Branches:
Dungeon (8/15)             Temple (1/1) D:6
   Lair: D:8-11

Altars:
Ashenzari
Dithmenos
Elyvilon
Fedhas
Gozag
Nemelex Xobeh
Sif Muna
Trog
Vehumet
Xom
Yredelemnul
Zin

Annotations:
D:8 wanderer1's ghost, experienced GrFi


Innate Abilities, Weirdness & Mutations

You can breathe waves of freezing cold.
You can buffet flying creatures when you breathe cold.
Your icy white scales are hard (AC +7).
Your body does not fit into most forms of armour.
Your flesh is cold resistant.
Your cold-blooded metabolism reacts poorly to cold.


Message History

You hear a bark!
Your air elemental merges itself into the air.
Your air elemental forms itself from the air!
Your air elemental merges itself into the air.
You hear a mighty clap of thunder!
Use which ability? (? or * to list)
You can't do that yet.
Unknown command.
Evoke which item? (* to show all) (? for menu, Esc to quit)
Okay, then.
Your air elemental forms itself from the air!
The bat closely misses you.
Your air elemental hits wanderer1's ghost but does no damage.
You hear a mighty clap of thunder!
Lightning arcs down from a storm cloud!
Really walk into that cloud of thunder?
You are standing in a thunderstorm.
You are struck by lightning!
Ouch! That really hurt!
You die...
Your body disappears without a glow.

..# . .<# #.. ..# ..## #.#
....######.# ....
.........# ..... ........<#
## ......
##.......#########. .......
#@b......(...(.... .......
#.§.§.........###. .......
#W§.§.#.........##
.....§§§###.§_.§#.........#
.....§§§§).E..§.#......[..#
.....§.§##...§§.###########
....... ######## .......
..#####


You could see wanderer1's ghost, a bat and a friendly air elemental.

Vanquished Creatures
  An unseen horror (D:7)
  A yak (D:6)
  Edmund (D:7)
  2 water moccasins
  An insubstantial wisp (D:6)
  2 sky beasts
  A wasp (D:7)
  An orc warrior (D:7)
  4 ogres
  An ice beast (D:6)
  The ghost of kourikargou the Conjurer, an average DrCj (D:3)
  A big kobold (D:7)
  4 centaurs
  4 giant frogs (D:6)
  Blork the orc (D:8)
  A water moccasin zombie (D:6)
  A scorpion (D:5)
  2 giant frog zombies (D:6)
  5 orc priests
  4 crimson imps
  A jelly (D:6)
  2 goliath beetles (D:7)
  3 hounds
  5 orc wizards
  2 worker ants
  2 iguanas
  3 mummies (D:5)
  A worker ant zombie (D:7)
  9 adders
  4 gnolls (D:5)
  A worm (D:4)
  A giant mite (D:2)
  2 adder skeletons
  2 oozes
  3 giant geckos
  13 orcs
  A bat skeleton (D:8)
  13 goblins
  13 hobgoblins
  4 jackals
  14 kobolds
  3 quokkas
  2 ball pythons (D:1)
  2 bats
  2 giant cockroaches
  7 giant newts
  A goblin zombie (D:5)
  2 kobold zombies (Ossuary)
  An orc zombie (D:5)
  8 rats
166 creatures vanquished.

Vanquished Creatures (collateral kills)
  A crocodile (D:6)
  A goliath beetle (D:6)
  An orc wizard (D:4)
  A worker ant (D:6)
  2 gnolls (D:5)
  A giant cockroach (D:6)
  3 jackals (D:6)
  A giant gecko zombie (D:6)
  A quokka skeleton (D:5)
  A rat (D:6)
13 creatures vanquished.

Vanquished Creatures (others)
  An orc wizard (D:4)
  A gnoll (D:5)
2 creatures vanquished.

Grand Total: 181 creatures vanquished

Notes
Turn   | Place    | Note
--------------------------------------------------------------
     0 | D:1      | HungrySpirit, the Draconian Artificer, began the quest for the Orb.
     0 | D:1      | Reached XP level 1. HP: 16/16 MP: 1/1
   504 | D:1      | Reached XP level 2. HP: 8/23 MP: 3/3
  1056 | D:2      | Reached XP level 3. HP: 23/28 MP: 4/4
  1390 | D:2      | Found an opulent altar of Gozag.
  1540 | D:2      | Reached XP level 4. HP: 33/36 MP: 6/6
  1611 | D:3      | Noticed kourikargou's ghost (average DrCj)
  1623 | D:3      | Killed kourikargou's ghost
  1623 | D:3      | Reached skill level 4 in Dodging
  1623 | D:3      | Reached XP level 5. HP: 30/41 MP: 7/7
  2039 | D:3      | Found a shattered altar of Ashenzari.
  2168 | D:3      | Found a blossoming altar of Fedhas.
  2447 | D:4      | Noticed a sky beast
  2472 | D:4      | Killed a sky beast
  2472 | D:4      | Reached XP level 6. HP: 29/50 MP: 7/9
  2953 | D:5      | Entered Level 5 of the Dungeon
  3096 | D:5      | Your scales start taking on an icy white colour.
  3096 | D:5      | Gained mutation: Your flesh is cold resistant. [draconian maturity]
  3096 | D:5      | Reached XP level 7. HP: 57/57 MP: 9/11
  3305 | D:5      | Found a sand-covered staircase.
  3315 | Ossuary  | Entered an ossuary
  3695 | D:5      | Found a glowing silver altar of Zin.
  3793 | D:5      | Found a bloodstained altar of Trog.
  4057 | D:5      | Reached skill level 5 in Short Blades
  4096 | D:6      | Reached skill level 5 in Dodging
  4283 | D:6      | Reached XP level 8. HP: 67/67 MP: 14/14
  4297 | D:6      | Found a staircase to the Ecumenical Temple.
  4304 | Temple   | Entered the Ecumenical Temple
  4320 | Temple   | Became a worshipper of Nemelex Xobeh the Trickster
  4366 | D:6      | Received a gift from Nemelex Xobeh
  4398 | D:6      | Noticed a yak
  4405 | D:6      | Killed a yak
  4405 | D:6      | Reached skill level 5 in Evocations
  4558 | D:6      | Noticed a raven
  4619 | D:6      | Reached skill level 6 in Short Blades
  4650 | D:6      | Reached skill level 5 in Fighting
  5048 | D:6      | Reached skill level 7 in Short Blades
  5071 | D:6      | Reached XP level 9. HP: 66/74 MP: 18/18
  5377 | D:7      | Noticed Edmund
  5989 | D:7      | Reached skill level 8 in Short Blades
  6254 | D:7      | Found a basalt altar of Yredelemnul.
  6502 | D:7      | Killed Edmund
  6862 | D:7      | Killed an unseen horror
  7703 | D:8      | Found a bloodstained altar of Trog.
  7703 | D:8      | Received a gift from Nemelex Xobeh
  7720 | D:8      | Found a bloodstained altar of Trog.
  7744 | D:8      | Noticed Blork the orc
  7744 | D:8      | Noticed wanderer1's ghost (experienced GrFi)
  7768 | D:8      | Killed Blork the orc
  7768 | D:8      | Reached skill level 9 in Short Blades
  7785 | D:8      | Engulfed by a cloud of thunder

Action                   |  1- 3 |  4- 6 |  7- 9 || total
-------------------------+-------+-------+-------++-------
Melee: Short sword       |   115 |   101 |   460 ||   676
       Dagger            |       |       |    66 ||    66
 Abil: Breathe Frost     |       |       |    17 ||    17
Evoke: Wand              |     3 |    25 |    18 ||    46
       Deck              |       |       |    13 ||    13
  Use: Scroll            |       |       |    10 ||    10
       Potion            |       |       |     3 ||     3
 Stab: Sleeping          |     2 |     2 |     1 ||     5
  Eat: Chunk             |     2 |     4 |    12 ||    18
       Beef jerky        |       |       |     2 ||     2
       Fruit             |       |       |     3 ||     3
       Bread ration      |       |       |     1 ||     1
